 Dungeon Crawl Stone Soup version 0.24-a0-779-g36f0aeb843 (webtiles) character file.

Game seed: 2998212165323641057, levelgen mode: deterministic

35059 Gildeon the Impaler (level 14, -13/108 HPs)
             Began as a Formicid Fighter on Oct 7, 2019.
             Was the Champion of Cheibriados.
             Mangled by a red ugly thing (21 damage)
             ... on level 14 of the Dungeon on Oct 8, 2019.
             The game lasted 01:12:48 (15289 turns).

Gildeon the Impaler (Formicid Fighter)             Turns: 15289, Time: 01:12:49

Health: -13/108    AC: 20    Str: 44    XL:     14   Next: 16%
Magic:  0/18       EV: 11    Int: 24    God:    Cheibriados [******]
Gold:   881        SH: 16    Dex: 25    Spells: 2/19 levels left

rFire    . . .     SeeInvis +   m - +3 halberd
rCold    . . .     Gourm    .   c - +0 shield
rNeg     . . .     Faith    .   G - +0 plate armour
rPois    .         Spirit   +   (helmet unavailable)
rElec    .         Reflect  .   B - +0 cloak
rCorr    .         Harm     .   l - +0 pair of gloves
MR       ++...                  o - +2 pair of boots
Stlth    ..........             N - amulet of guardian spirit
HPRegen  0.28/turn              y - +4 ring of strength
MPRegen  0.16/turn              i - ring of protection from magic

@: very slow
A: permanent stasis, dig shafts and tunnels, four strong arms, antennae 3
a: Dig, Shaft Self, Bend Time, Temporal Distortion, Slouch, Step From Time,
Renounce Religion


You were on level 14 of the Dungeon.
You worshipped Cheibriados.
Cheibriados was exalted by your worship.
You were not hungry.

You visited 2 branches of the dungeon, and saw 16 of its levels.

You collected 881 gold pieces.

Inventory:

Hand Weapons
 d - a +0 glaive
 m - a +3 halberd (weapon)
 w - a +1 spear of freezing
 C - a +3 trident
Armour
 c - a +0 shield (worn)
 l - a +0 pair of gloves (worn)
 o - a +2 pair of boots (worn)
 B - a +0 cloak (worn)
 G - a +0 plate armour (worn)
 M - a +2 ring mail of magic resistance
Jewellery
 i - a ring of protection from magic (right hand)
 p - an uncursed ring of protection from fire
 r - an uncursed ring of positive energy
 y - a +4 ring of strength (left hand)
 H - an uncursed ring of flight
 I - the ring "Domapt" {Fire rPois Slay+3 Stlth+}
   (You took it off a necromancer on level 13 of the Dungeon)

   [ring of fire]

   It enhances your fire magic.
   It affects your accuracy and damage with ranged weapons and melee attacks
   (+3).
   It protects you from fire.
   It makes you vulnerable to cold.
   It protects you from poison.
   It makes you more stealthy.
 N - an amulet of guardian spirit (around neck)
Wands
 a - a wand of flame (1)
 b - a wand of paralysis (7)
 v - a wand of polymorph (23)
 L - a wand of acid (5)
Scrolls
 k - 7 scrolls of amnesia
 n - 3 scrolls of enchant armour
 A - a scroll of identify
 D - 2 scrolls of magic mapping
 E - 3 scrolls of remove curse
 J - a scroll of fear
 K - a scroll of summoning
 P - a scroll of holy word
Potions
 e - 2 potions of lignification
 g - a potion of resistance
 j - 2 potions of cancellation
 q - a potion of curing
 t - a potion of brilliance
 u - 3 potions of flight
 z - a potion of mutation
 F - a potion of magic
Comestibles
 f - 32 rations


   Skills:
 + Level 9.1 Fighting
 * Level 15.0 Polearms
 + Level 9.0 Armour
 - Level 3.0 Dodging
 - Level 5.0 Stealth
 - Level 10.0 Shields
 - Level 3.0 Spellcasting
 + Level 3.7 Conjurations
 + Level 2.4 Hexes
 + Level 3.8 Charms
 + Level 5.7 Invocations
 + Level 5.5 Evocations


You had 2 spell levels left.
You knew the following spells:

 Your Spells              Type           Power        Failure   Level  Hunger
a - Magic Dart            Conj           ###.         10%         1    None
b - Mephitic Cloud        Conj/Pois/Air  #.......     63%         3    ###....
c - Corona                Hex            ###....      16%         1    None
d - Call Imp              Summ           #.......     54%         2    ##.....
e - Infusion              Chrm           ###.         9%          1    None
f - Regeneration          Chrm/Necr      ##........   52%         3    ###....
g - Song of Slaying       Chrm           ###.....     14%         2    ##.....
h - Shroud of Golubria    Chrm/Tloc      ##....       30%         2    ##.....
i - Slow                  Hex            ###.....     24%         2    ##.....

Your spell library contained the following spells:

 Spells                   Type           Power        Failure   Level  Hunger
 Ensorcelled Hibernation  Hex/Ice        #.....       38%         2    ##.....
 Animate Skeleton         Necr           N/A          41%         1    None
 Pain                     Necr           #...         41%         1    None
 Spectral Weapon          Hex/Chrm       ###.....     34%         3    ###....
 Dazzling Spray           Conj/Hex       ###...       36%         3    ###....
 Confuse                  Hex            ###.....     43%         3    ###....
 Tukima's Dance           Hex            ###.....     43%         3    ###....
 Conjure Flame            Conj/Fire      ##......     52%         3    ###....
 Vampiric Draining        Necr           #.........   78%         3    ###....
 Animate Dead             Necr           N/A          99%         4    ####...
 Blink                    Tloc           Unusable     N/A         2    N/A

Dungeon Overview and Level Annotations

Branches:
Dungeon (15/15)            Temple (1/1) D:7            Lair (0/6) D:11
    Orc (0/2) D:11         Vaults (0/5) D:13         Depths (0/5) D:15

Altars:
Ashenzari
Cheibriados
Dithmenos
Elyvilon
Fedhas
Gozag
Hepliaklqana
Kikubaaqudgha
Makhleb
Nemelex Xobeh
Okawaru
Qazlal
Ru
Sif Muna
Trog
Uskayaw
Vehumet
Wu Jian
Xom
Yredelemnul
Zin
The Shining One

Shops:
D:4 *

Annotations:
D:13 2 transporters
D:15 Jorgrun


Innate Abilities, Weirdness & Mutations

You cannot be hasted, slowed, berserked, paralysed or teleported.
You can dig through walls and to a lower floor.
Your four strong arms can wield two-handed weapons with a shield.
You have a pair of large antennae on your head. (SInv)


Message History

You closely miss the red ugly thing.
The red ugly thing is heavily wounded.
You block the red ugly thing's attack.
You hit the red ugly thing.
The red ugly thing is heavily wounded.
The red ugly thing kicks you but does no damage.
Okay, then.
You hit the red ugly thing.
The red ugly thing is severely wounded.
You are no longer corroded.
You hit the red ugly thing.
The red ugly thing is severely wounded.
The red ugly thing kicks you.
* * * LOW HITPOINT WARNING * * *
You are engulfed in flames!!
* * * LOW HITPOINT WARNING * * *
You feel better. The red ugly thing kicks you.
* * * LOW HITPOINT WARNING * * *
You are engulfed in flames!!
You die...

#..................#..###....#..#
#........)...#.....#.......#.#...
###.......##.#.....#.......#..###
##........###.....#.....<.#.....
#.................####....####..
##..........#.....####.#........
##...........#..........#.#......
###..........#.#####....#.##.....
# #....##......†@.....#...##.....
####...........u......#....#.....
#≈.................[[............
≈...................>........<...
.............................(...
............#....##..............
............#....................
....#.....................##.....
[...##.....#...............##.#..


You could see a red ugly thing.

Vanquished Creatures
  Kirke (D:12)
  A dire elephant (D:15)
  2 hydras
  A centaur warrior (D:13)
  6 two-headed ogres
  4 skeletal warriors (D:15)
  An unseen horror (D:14)
  A phantasmal warrior (D:14)
  A wolf spider zombie (D:15)
  2 necromancers (D:13)
  A lindwurm (shapeshifter) (D:14)
  9 ugly things
  A deep elf mage (D:14)
  A moth of wrath (D:9)
  A manticore (D:12)
  3 cyclopes
  A centaur zombie (D:14)
  A gargoyle (D:15)
  A merfolk (D:15)
  9 slime creatures
  2 hippogriffs
  3 shadows
  A wyvern (D:15)
  2 vampires
  2 wraiths
  3 water elementals (D:14)
  6 yaks
  2 hungry ghosts
  A vampire mosquito (D:14)
  2 soldier ants
  2 porcupines (D:11)
  6 sky beasts
  7 orc warriors
  2 black bears
  3 ice beasts
  2 boggarts (D:14)
  2 necrophages
  2 ogres
  13 centaurs
  3 crocodiles
  A big kobold (D:10)
  9 bullfrogs
  A wyvern zombie (D:12)
  8 scorpions
  A water moccasin skeleton (D:8)
  2 wyvern skeletons
  18 killer bees
  20 wights
  5 howler monkeys
  2 electric eels (D:14)
  9 crimson imps
  A bullfrog zombie (D:7)
  3 hounds
  11 jellies
  6 orc priests
  9 orc wizards
  A bullfrog skeleton (D:8)
  6 centaur skeletons
  7 iguanas
  11 worker ants
  2 hound zombies
  A hound skeleton (D:9)
  11 gnolls
  14 adders
  7 shadow imps
  An adder zombie (D:5)
  19 oozes
  2 adder skeletons
  8 dart slugs
  5 leopard geckos
  33 orcs
  11 giant cockroaches
  8 goblins
  13 hobgoblins
  17 jackals
  13 kobolds
  5 quokkas
  4 ball pythons
  10 bats
  11 frilled lizards
  A jackal skeleton (D:4)
  A leopard gecko zombie (D:8)
  6 rats
448 creatures vanquished.

Vanquished Creatures (others)
  2 humans (D:12)
  A bullfrog (D:12)
  14 fungi
17 creatures vanquished.

Grand Total: 465 creatures vanquished

Notes
Turn   | Place    | Note
-------+----------+-------------------------------------------
     0 | D:1      | Gildeon the Formicid Fighter began the quest for the Orb.
     0 | D:1      | Reached XP level 1. HP: 18/18 MP: 1/1
    38 | D:1      | Reached XP level 2. HP: 13/24 MP: 2/2
   202 | D:1      | Reached skill level 3 in Polearms
   217 | D:1      | Reached XP level 3. HP: 27/29 MP: 3/3
   759 | D:2      | Reached skill level 4 in Polearms
   759 | D:2      | Reached XP level 4. HP: 35/35 MP: 4/4
   955 | D:2      | Found a basalt altar of Yredelemnul.
  1023 | D:2      | Noticed a +0 dagger
  1023 | D:2      | Noticed a +0 dagger
  1024 | D:2      | Found a hide-covered altar of Uskayaw.
  1054 | D:2      | Reached XP level 5. HP: 36/41 MP: 5/5
  1175 | D:2      | Found a snail-covered altar of Cheibriados.
  1197 | D:2      | Became a worshipper of Cheibriados the Contemplative
  1246 | D:2      | Reached skill level 5 in Polearms
  1287 | D:2      | Found a white marble altar of Elyvilon.
  1459 | D:2      | Found a radiant altar of Vehumet.
  1704 | D:3      | Reached * piety under Cheibriados
  1868 | D:3      | Reached XP level 6. HP: 47/47 MP: 6/6
  1905 | D:3      | Found a shimmering blue altar of Sif Muna.
  2088 | D:3      | Reached skill level 6 in Polearms
  2267 | D:3      | Reached ** piety under Cheibriados
  2583 | D:4      | Found Rugod's General Store.
  2588 | D:4      | Reached skill level 7 in Polearms
  2588 | D:4      | Reached XP level 7. HP: 52/52 MP: 7/7
  3078 | D:4      | Reached *** piety under Cheibriados
  3350 | D:5      | Entered Level 5 of the Dungeon
  3388 | D:5      | Reached skill level 8 in Polearms
  3418 | D:5      | Reached XP level 8. HP: 47/58 MP: 8/8
  3443 | D:5      | Found an ornate altar of the Wu Jian Council.
  3453 | D:5      | Found an iron altar of Okawaru.
  3490 | D:5      | Learned a level 1 spell: Magic Dart
  3493 | D:5      | Learned a level 2 spell: Call Imp
  3497 | D:5      | Learned a level 3 spell: Mephitic Cloud
  3624 | D:5      | Reached skill level 9 in Polearms
  3724 | D:5      | Found a bloodstained altar of Trog.
  3900 | D:5      | Reached **** piety under Cheibriados
  3918 | D:5      | Found a stormy altar of Qazlal.
  4267 | D:6      | Found a radiant altar of Vehumet.
  4538 | D:6      | Reached skill level 5 in Shields
  4551 | D:6      | Reached skill level 10 in Polearms
  4551 | D:6      | Reached XP level 9. HP: 48/64 MP: 9/9
  4577 | D:6      | Found a shattered altar of Ashenzari.
  4728 | D:7      | Found a staircase to the Ecumenical Temple.
  4750 | Temple   | Entered the Ecumenical Temple
  5110 | D:7      | Reached ***** piety under Cheibriados
  5943 | D:6      | Reached skill level 11 in Polearms
  6185 | D:7      | Found a hazy altar of Hepliaklqana.
  6280 | D:8      | Reached XP level 10. HP: 70/70 MP: 10/10
  6545 | D:8      | Found a runed translucent door.
  6797 | D:8      | Reached skill level 12 in Polearms
  6876 | D:8      | Found a runed translucent door.
  6913 | D:8      | Noticed a two-headed ogre
  6918 | D:8      | Killed a two-headed ogre
  7155 | D:9      | Noticed a two-headed ogre
  7161 | D:9      | Killed a two-headed ogre
  7161 | D:9      | Reached skill level 1 in Evocations
  7252 | D:9      | Learned a level 3 spell: Regeneration
  7285 | D:9      | Reached ****** piety under Cheibriados
  7304 | D:9      | Reached skill level 13 in Polearms
  7310 | D:9      | Reached XP level 11. HP: 45/77 MP: 12/12
  7478 | D:9      | Found a glowing silver altar of Zin.
  7479 | D:9      | Found an opulent altar of Gozag.
  7561 | D:9      | Noticed Erolcha
  7673 | D:10     | Entered Level 10 of the Dungeon
  7809 | D:10     | Got a smelly ring mail
  7839 | D:10     | Identified the +1 ring mail of Goatsul {MP-9 Str+4 Int+3}
                  | (You found it on level 10 of the Dungeon)
  7863 | D:10     | Found an opulent altar of Gozag.
  8116 | D:10     | Learned a level 1 spell: Infusion
  8188 | D:10     | Noticed a two-headed ogre
  8199 | D:10     | Killed a two-headed ogre
  8199 | D:10     | Reached skill level 5 in Fighting
  8199 | D:10     | Reached skill level 5 in Armour
  8851 | D:11     | Noticed a two-headed ogre
  8855 | D:11     | Killed a two-headed ogre
  9157 | D:11     | Found a staircase to the Lair.
  9214 | D:11     | Reached skill level 5 in Invocations
  9413 | D:11     | Noticed a five-headed hydra
  9432 | D:11     | Killed a five-headed hydra
  9432 | D:11     | Reached skill level 1 in Stealth
  9432 | D:11     | Reached skill level 1 in Spellcasting
  9451 | D:11     | Reached XP level 12. HP: 78/87 MP: 15/15
  9608 | D:11     | Found a staircase to the Orcish Mines.
  9816 | D:8      | Reached skill level 5 in Evocations
 10024 | D:9      | Noticed Erolcha
 10024 | D:9      | Erolcha changed into Erolcha the moth of wrath
 10029 | D:9      | Killed Erolcha the moth of wrath
 10684 | D:12     | Noticed Kirke
 10701 | D:12     | Killed Kirke
 10701 | D:12     | Reached skill level 10 in Shields
 10701 | D:12     | Reached skill level 1 in Conjurations
 10701 | D:12     | Reached skill level 1 in Charms
 10777 | D:12     | Learned a level 1 spell: Corona
 10780 | D:12     | Learned a level 2 spell: Song of Slaying
 10783 | D:12     | Learned a level 2 spell: Shroud of Golubria
 10991 | D:12     | Learned a level 2 spell: Slow
 11245 | D:12     | Got a steaming great mace
 11246 | D:12     | Identified the cursed +2 great mace "Madderuq" {freeze, rF+
                  | Int+4 Stlth+} (You found it on level 12 of the Dungeon)
 11508 | D:13     | Found the +3 Elemental Staff {rElec rF++ rC++ MR++ AC+5}
 12020 | D:13     | Noticed a centaur warrior
 12036 | D:13     | Killed a centaur warrior
 12036 | D:13     | Reached skill level 5 in Stealth
 12188 | D:13     | Reached XP level 13. HP: 96/96 MP: 17/17
 12219 | D:13     | Reached skill level 14 in Polearms
 12248 | D:13     | Found a transporter.
 12353 | D:13     | Identified the ring "Domapt" {Fire rPois Slay+3 Stlth+}
 12382 | D:13     | Found a transporter.
 12464 | D:13     | Found a gate to the Vaults.
 12715 | D:14     | Reached skill level 1 in Dodging
 12736 | D:14     | Found a shimmering altar of Xom.
 13517 | D:14     | You fall into a shaft and drop 1 floor!
 13517 | D:15     | Entered Level 15 of the Dungeon
 13517 | D:15     | Found a staircase to the Depths.
 13517 | D:15     | Noticed a dire elephant
 13518 | D:15     | Noticed an eight-headed hydra
 13526 | D:15     | Killed a dire elephant
 13532 | D:15     | Killed an eight-headed hydra
 14261 | D:14     | Reached skill level 1 in Hexes
 14774 | D:14     | Upgraded the game from 0.24-a0-778-g74da537585 to
                  | 0.24-a0-779-g36f0aeb843
 14848 | D:15     | Reached XP level 14. HP: 84/108 MP: 13/18
 14859 | D:15     | Reached skill level 15 in Polearms
 15005 | D:15     | Noticed Jorgrun
 15288 | D:14     | HP: 5/108 [red ugly thing (17)]
 15289 | D:14     | Mangled by a red ugly thing

Levels and vault maps discovered:
D:1:      dpeg_arrival_fog, layout_basic
D:2:      layout_loops_cross, kennysheep_slug_shrine, vehumet_crystals,
          lemuel_crystal_altar, dancing_weapons_uskayaw, lemuel_doored_altar
D:3:      layout_loops_cross, lemuel_round_altar, minmay_misc_feat_x
D:4:      layout_basic, serial_shops, nicolae_shop_trees, first_ration
D:5:      layout_rooms, nicolae_qazlal_eye_of_the_storm,
          okawaru_ov_weapons_minmay, kennysheep_mini_moat,
          trog_three_pillars_becter
D:6:      layout_basic, nicolae_ashenzari_panopticon, serial_rivers,
          chequers_serial_rivers_micro_b, chequers_serial_rivers_small_a,
          chequers_serial_rivers_room_b, chequers_serial_rivers_room_a,
          basic_altar
D:7:      layout_cave_pools, kennysheep_mini, minmay_temple_entry_grid,
          st_stairs_6
D:8:      cheibrodos_histonic, layout_basic
D:9:      lemuel_slime, layout_rooms, grunt_temple_overflow_gold_and_silver,
          uniq_erolcha
D:10:     layout_irregular_city, nicolae_gozag_cash_rules_everything_around_me
D:11:     layout_basic, due_lair_maze_entry_diamond, orc_0_dummy
D:12:     layout_basic, uniq_kirke
D:13:     gammafunk_wand_slinger, layout_irregular_city, david_vaults_1
D:14:     kennysheep_scales, layout_cave_pools, minmay_crystal_room,
          hangedman_little_slice_of_home, minivault_20, xom_teletrap_fun
D:15:     hangedman_depths_entry_try_elsewhere_first, layout_rooms,
          serial_shops, shop_fountains, special_room [special_room_orc],
          uniq_jorgrun, uniq_nessos
Temple:   jpeg_temple_island

Skill      XL: |  1  2  3  4  5  6  7  8  9 10 11 12 13 14 |
---------------+-------------------------------------------+-----
Polearms       | 3 4 5 7 8 10 11 13 14 15 | 15.0
Shields        | 5 8 9 10 | 10.0
Invocations    | 2 5 |  5.7
Evocations     | 2 4 5 |  5.5
Armour         | 4 5 7 8 9 |  9.0
Fighting       | 4 5 7 9 |  9.1
Stealth        | 1 5 |  5.0
Spellcasting   | 1 3 |  3.0
Conjurations   | 2 3 |  3.7
Charms         | 2 3 |  3.8
Dodging        | 3 |  3.0
Hexes          | 1 2 |  2.4

Action                   |  1- 3 |  4- 6 |  7- 9 | 10-12 | 13-15 || total
-------------------------+-------+-------+-------+-------+-------++-------
Melee: Trident           |    94 |    86 |       |       |       ||   180
       Halberd           |       |   199 |   307 |   536 |   351 ||  1393
       Spear             |       |       |       |    39 |     6 ||    45
Invok: Slouch            |       |       |       |       |     3 ||     3
 Abil: Dig               |       |       |     1 |       |       ||     1
Evoke: Wand              |       |       |       |    16 |       ||    16
       Phantom mirror    |       |       |       |     1 |       ||     1
  Use: Scroll            |     5 |     8 |    10 |     9 |     5 ||    37
       Potion            |       |       |     2 |     3 |     7 ||    12
 Stab: Distracted        |     1 |       |       |       |       ||     1
       Invisible         |       |       |       |       |     5 ||     5
  Eat: Chunk             |       |     5 |     6 |    11 |     4 ||    26
       Ration            |       |       |       |       |     1 ||     1
Armor: Scale mail        |    42 |   106 |       |       |       ||   148
       Chain mail        |       |    18 |   126 |   134 |       ||   278
       Skin              |       |       |       |    12 |       ||    12
       Plate armour      |       |       |       |    31 |   116 ||   147
Dodge: Dodged            |    27 |    75 |    88 |   114 |    87 ||   391
Block: Shield            |    50 |   136 |   194 |   417 |   221 ||  1018

Table legend:
 A = Non-vault XP
 B = Vault XP
 C = Vault XP percentage of total XP
 D = Non-vault monster count
 E = Vault monster count
 F = Vault count percentage of total count
                 A         B        C        D         E       F
            +---------+---------+-------+---------+---------+-------
      Total |   35948 |   14137 |  28.2 |     374 |      74 |  16.5
            +---------+---------+-------+---------+---------+-------
        D:1 |      56 |       0 |   0.0 |      29 |       0 |   0.0
        D:2 |     169 |       4 |   2.3 |      38 |       1 |   2.6
        D:3 |     200 |       0 |   0.0 |      35 |       0 |   0.0
        D:4 |     359 |       0 |   0.0 |      22 |       0 |   0.0
        D:5 |     621 |       0 |   0.0 |      20 |       0 |   0.0
        D:6 |     915 |       0 |   0.0 |      21 |       0 |   0.0
        D:7 |    1248 |      16 |   1.3 |      20 |       2 |   9.1
        D:8 |    1191 |    2023 |  62.9 |      30 |      17 |  36.2
        D:9 |    1531 |    1084 |  41.5 |      11 |      20 |  64.5
       D:10 |    3371 |       0 |   0.0 |      19 |       0 |   0.0
       D:11 |    3346 |    1020 |  23.4 |      27 |       9 |  25.0
       D:12 |    3309 |    2292 |  40.9 |      28 |       1 |   3.4
       D:13 |    4517 |    2097 |  31.7 |      27 |       3 |  10.0
       D:14 |    8881 |    2824 |  24.1 |      30 |      17 |  36.2
       D:15 |    6234 |    2777 |  30.8 |      17 |       4 |  19.0
            +---------+---------+-------+---------+---------+-------
